General information
- name: BNet
- type: Ladder 1vs1/FFA
- host: Battle.net
- saver: Iscariot
map: PlunderIsle
- players: 2
- length: 03:18
- speed: Fast
- version: 1.26 W3XP
- replay type: Public
» download(9 KB)
Players
team 1 (loser)
Shedoo (
purple | 74 APM | 245 actions | 03:17)
1 Demon Hunter
1 Evasion
» actions
| Assign group hotkey | 3 | |
| Build / train | 17 | |
| Enter build submenu | 5 | |
| Enter hero's abilities submenu | 1 | |
| Right click | 124 | |
| Select / deselect | 69 | |
| Select group hotkey | 13 | |
| Use ability | 13 | |
245 total
» units
» buildings
| Altar of Elders | 1 | |
| Moon Well | 5 | |
| Ancient of War | 2 | |
| Tree of Ages | 3 | |
11 total
» build order
00:06 Altar of Elders
00:19 Moon Well
01:04 Ancient of War
01:41 Ancient of War
01:55 Moon Well
01:55 Moon Well
01:56 Moon Well
01:56 Moon Well
02:45 Tree of Ages
02:45 Tree of Ages
02:45 Tree of Ages
team 2 (winner)
Iscariot (
green | 47 APM | 155 actions | 03:18)
» actions
| Assign group hotkey | 1 | |
| Build / train | 11 | |
| Enter build submenu | 7 | |
| Right click | 71 | |
| Select / deselect | 57 | |
| Use ability | 8 | |
155 total
» units
» buildings
| Lumber Mill | 1 | |
| Scout Tower | 6 | |
| Guard Tower | 5 | |
12 total
» build order
00:09 Lumber Mill
00:59 Scout Tower
00:59 Scout Tower
01:00 Scout Tower
01:25 Guard Tower
01:26 Guard Tower
01:26 Guard Tower
01:43 Scout Tower
01:49 Scout Tower
01:52 Scout Tower
02:29 Guard Tower
Chat log
(01:05 / All) Iscariot: Hello